ITL
TRENTON STARS @ CHATTANOOGA CHINPOKOMON
08/08/2029
 
TOP OF THE 1ST
Trenton Stars batting - Pitching for Chattanooga Chinpokomon : RHP Claudio Ramírez
Pitching: RHP Claudio Ramírez
Batting: RHB George Reeves 0-0: Ball
1-0: Foul Ball, location: 2F
1-1: Called Strike
1-2: Foul Ball, location: 2F
1-2: Ball
2-2: SINGLE (Flyball, 5D)
Batting: LHB Gabriel Aragón 0-0: Ball
1-0: Ball
2-0: Ball
3-0: Called Strike
3-1: Foul Ball, location: 2F
3-2: Fielders Choice at 2nd, 4-6 (Groundball, 4)
Batting: LHB Frank Jackson 0-0: Ball
1-0: Called Strike
1-1: Fly out, F9 (Flyball, 9S)
Batting: RHB Ken McDonald 0-0: Ball
1-0: Called Strike
1-1: Ball
2-1: Ball
3-1: DOUBLE (Flyball, 78XD)
Gabriel Aragón to third
Batting: RHB Tony Long 0-0: Ball
1-0: Foul Ball, location: 2F
1-1: Foul Ball, location: 2F
1-2: Fly out, F9 (Flyball, 9D)
Top of the 1st over - 0 runs, 2 hits, 0 errors, 2 left on base; Trenton 0 - Chattanooga 0
BOTTOM OF THE 1ST
Chattanooga Chinpokomon batting - Pitching for Trenton Stars : RHP Russ Brown
Pitching: RHP Russ Brown
Batting: LHB Elvin Summers 0-0: Called Strike
0-1: Ball
1-1: Ball
2-1: Ball
3-1: Base on Balls
Batting: RHB Ben Barker 0-0: Ball
1-0: Ball
2-0: Ball
3-0: Called Strike
3-1: Called Strike
3-2: Reached on error, E6 (Groundball, 6)
Elvin Summers to second
Batting: RHB Cristo García 0-0: Ball
Elvin Summers steals 3rd base
Ben Barker to second
1-0: Ball
2-0: Ball
3-0: Called Strike
3-1: Called Strike
3-2: Foul Ball, location: 2F
3-2: Strikes out swinging
Batting: LHB José Costa 0-0: Ground out 4-3 (Groundball, 4M)
Elvin Summers scores
Ben Barker to third
Batting: RHB Ricardo Salazar 0-0: Ball
1-0: Ball
2-0: 2-RUN HOME RUN (Flyball, 78XD), Distance : 415 ft
Batting: RHB Ichizo Akiyama 0-0: Ground out U3 (Groundball, 34S)
Bottom of the 1st over - 3 runs, 1 hit, 1 error, 0 left on base; Trenton 0 - Chattanooga 3
TOP OF THE 2ND
Trenton Stars batting - Pitching for Chattanooga Chinpokomon : RHP Claudio Ramírez
Batting: RHB Jorge Cisneros 0-0: Ball
1-0: Ball
2-0: Ball
3-0: Called Strike
3-1: TRIPLE (Flyball, 89XD)
Batting: LHB Paco Córdova 0-0: Called Strike
0-1: Called Strike
0-2: Ball
1-2: SINGLE (Groundball, 5D)
Jorge Cisneros scores
Batting: LHB Sixto Cortés 0-0: Called Strike
0-1: Foul Ball, location: 2F
0-2: Foul Ball, location: 2F
0-2: Ball
1-2: Strikes out swinging
Batting: RHB Emílio Bruno 0-0: Called Strike
0-1: Ball
1-1: SINGLE (Groundball, 56D)
Paco Córdova to second
Batting: RHB George Reeves 0-0: Called Strike
0-1: Foul Ball, location: 2F
0-2: Ball
1-2: Fielders Choice at 2nd, 4-6 (Groundball, 34)
Paco Córdova to third
Batting: LHB Gabriel Aragón 0-0: Ball
1-0: Swinging Strike
1-1: Ball
2-1: SINGLE (Groundball, 25) (infield hit)
Paco Córdova scores
George Reeves to second
Batting: LHB Frank Jackson 0-0: Called Strike
0-1: Ball
1-1: Called Strike
1-2: Foul Ball, location: 2F
1-2: Ball
2-2: Ball
3-2: Foul Ball, location: 2F
3-2: Fly out, F8 (Line Drive, 8LM)
Top of the 2nd over - 2 runs, 4 hits, 0 errors, 2 left on base; Trenton 2 - Chattanooga 3
BOTTOM OF THE 2ND
Chattanooga Chinpokomon batting - Pitching for Trenton Stars : RHP Russ Brown
Batting: SHB Darrel Lang 0-0: Ball
1-0: Ball
2-0: Swinging Strike
2-1: Ball
3-1: Foul Ball, location: 2F
3-2: Strikes out swinging
Batting: RHB Luis Antonio Velásquez 0-0: Swinging Strike
0-1: Ball
1-1: Ball
2-1: SINGLE (Line Drive, 6MD)
Batting: SHB Roberto Rivera 0-0: Called Strike
0-1: Ball
1-1: Called Strike
1-2: Grounds into double play, 4-6-3 (Groundball, 4)
Bottom of the 2nd over - 0 runs, 1 hit, 0 errors, 0 left on base; Trenton 2 - Chattanooga 3
TOP OF THE 3RD
Trenton Stars batting - Pitching for Chattanooga Chinpokomon : RHP Claudio Ramírez
Batting: RHB Ken McDonald 0-0: Ball
1-0: Called Strike
1-1: Swinging Strike
1-2: Foul Ball, location: 2F
1-2: SINGLE (Line Drive, 89S)
Batting: RHB Tony Long 0-0: Ball
1-0: Ball
2-0: SINGLE (Groundball, 34D)
Ken McDonald to second
Runner from 2nd tries for 3rd, SAFE, no throw
Batting: RHB Jorge Cisneros 0-0: Called Strike
0-1: Called Strike
0-2: Fly out, F3 (Popup, 23F)
Batting: LHB Paco Córdova 0-0: Foul Ball, location: 2F
0-1: Called Strike
0-2: Ball
1-2: Foul Ball, location: 2F
1-2: Ball
2-2: Ground out U3 (Groundball, 34S)
Ken McDonald scores
Tony Long to second
Batting: LHB Sixto Cortés 0-0: Ball
1-0: Ball
2-0: Ball
3-0: Base on Balls
Batting: RHB Emílio Bruno 0-0: Ball
Wild Pitch!
Tony Long to third
Sixto Cortés to second
1-0: Foul Ball, location: 2F
1-1: Foul Ball, location: 2F
1-2: Ball
2-2: Strikes out swinging
Top of the 3rd over - 1 run, 2 hits, 0 errors, 2 left on base; Trenton 3 - Chattanooga 3
BOTTOM OF THE 3RD
Chattanooga Chinpokomon batting - Pitching for Trenton Stars : RHP Russ Brown
Batting: LHB Elvin Summers 0-0: Swinging Strike
0-1: Ball
1-1: Ball
2-1: Ground out 1-3 (Groundball, 15)
Batting: RHB Ben Barker 0-0: Ball
1-0: Ball
2-0: Ball
3-0: Called Strike
3-1: Base on Balls
Batting: RHB Cristo García 0-0: Called Strike
0-1: SINGLE (Line Drive, 6MD)
Ben Barker to second
Batting: LHB José Costa 0-0: Called Strike
0-1: SINGLE (Groundball, 6D)
Ben Barker to third
Cristo García to second
Runner from 3rd tries for Home, SAFE, no throw
Batting: RHB Ricardo Salazar 0-0: Ball
1-0: Ground out 5-3 (Groundball, 56S)
Cristo García to third
José Costa to second
Batting: RHB Ichizo Akiyama 0-0: Ball
1-0: Ball
2-0: Foul Ball, location: 2F
2-1: Foul Ball, location: 2F
2-2: Ball
3-2: Foul Ball, location: 2F
3-2: Ground out 3-1 (Groundball, 34S)
Bottom of the 3rd over - 1 run, 2 hits, 0 errors, 2 left on base; Trenton 3 - Chattanooga 4
TOP OF THE 4TH
Trenton Stars batting - Pitching for Chattanooga Chinpokomon : RHP Claudio Ramírez
Pitching: RHP Alejandro Hernández
Batting: RHB George Reeves 0-0: Ball
1-0: Ball
2-0: Ground out 6-3 (Groundball, 6)
Batting: LHB Gabriel Aragón 0-0: Ground out U3 (Groundball, 3)
Batting: LHB Frank Jackson 0-0: Ball
1-0: Foul Ball, location: 2F
1-1: Foul Ball, location: 2F
1-2: Ball
2-2: Ball
3-2: Ground out 4-3 (Groundball, 4)
Top of the 4th over - 0 runs, 0 hits, 0 errors, 0 left on base; Trenton 3 - Chattanooga 4
BOTTOM OF THE 4TH
Chattanooga Chinpokomon batting - Pitching for Trenton Stars : RHP Russ Brown
Batting: SHB Darrel Lang 0-0: Ball
1-0: Ball
2-0: Foul Ball, location: 2F
2-1: Foul Ball, location: 2F
2-2: Foul Ball, location: 2F
2-2: Ball
3-2: Fly out, F5 (Popup, 5)
Batting: RHB Luis Antonio Velásquez 0-0: Called Strike
0-1: Swinging Strike
0-2: Ball
1-2: Foul Ball, location: 2F
1-2: Strikes out swinging
Batting: SHB Roberto Rivera 0-0: Ground out 1-3 (Groundball, 15S)
Bottom of the 4th over - 0 runs, 0 hits, 0 errors, 0 left on base; Trenton 3 - Chattanooga 4
TOP OF THE 5TH
Trenton Stars batting - Pitching for Chattanooga Chinpokomon : RHP Alejandro Hernández
Batting: RHB Ken McDonald 0-0: Ball
1-0: Ball
2-0: Ball
3-0: Base on Balls
Batting: RHB Tony Long 0-0: Ball
1-0: Foul Ball, location: 2F
1-1: SINGLE (Groundball, 56D)
Ken McDonald to second
Batting: RHB Jorge Cisneros 0-0: Fly out, F8 (Flyball, 8RD)
Batting: LHB Paco Córdova 0-0: Ball
1-0: Fly out, F6 (Popup, 6M)
Batting: LHB Sixto Cortés 0-0: Foul Ball, location: 2F
0-1: Foul Ball, location: 2F
0-2: Foul Ball, location: 2F
0-2: Strikes out looking
Top of the 5th over - 0 runs, 1 hit, 0 errors, 2 left on base; Trenton 3 - Chattanooga 4
BOTTOM OF THE 5TH
Chattanooga Chinpokomon batting - Pitching for Trenton Stars : RHP Russ Brown
Batting: LHB Elvin Summers 0-0: Ground out 6-3 (Groundball, 6)
Batting: RHB Ben Barker 0-0: Ball
1-0: Foul Ball, location: 2F
1-1: SINGLE (Flyball, 8LS)
Batting: RHB Cristo García 0-0: Ball
Ben Barker is caught stealing 2nd base
1-0: Swinging Strike
1-1: DOUBLE (Flyball, 89D)
Batting: LHB José Costa 0-0: Foul Ball, location: 2F
0-1: Ball
1-1: Ball
2-1: Foul Ball, location: 2F
2-2: Foul Ball, location: 2F
2-2: Ground out 1-3 (Groundball, 15S)
Bottom of the 5th over - 0 runs, 2 hits, 0 errors, 1 left on base; Trenton 3 - Chattanooga 4
TOP OF THE 6TH
Trenton Stars batting - Pitching for Chattanooga Chinpokomon : RHP Alejandro Hernández
Batting: RHB Emílio Bruno 0-0: Ball
1-0: Ball
2-0: Ball
3-0: Called Strike
3-1: Ground out 4-3 (Groundball, 4)
Batting: RHB George Reeves 0-0: Foul Ball, location: 2F
0-1: Foul Ball, location: 2F
0-2: Strikes out swinging
Batting: LHB Gabriel Aragón 0-0: Ground out 3-1 (Groundball, 34S)
Top of the 6th over - 0 runs, 0 hits, 0 errors, 0 left on base; Trenton 3 - Chattanooga 4
BOTTOM OF THE 6TH
Chattanooga Chinpokomon batting - Pitching for Trenton Stars : RHP Russ Brown
Batting: RHB Ricardo Salazar 0-0: Ball
1-0: SINGLE (Flyball, 9S)
Batting: RHB Ichizo Akiyama 0-0: Foul Ball, location: 2F
0-1: Ball
1-1: Ball
2-1: Foul Ball, location: 2F
2-2: Ball
3-2: Foul Ball, location: 2F
3-2: Foul Ball, location: 2F
3-2: SINGLE (Groundball, 6) (infield hit)
Ricardo Salazar to second
Batting: SHB Darrel Lang 0-0: Fly out, F9 (Line Drive, 9)
Batting: RHB Luis Antonio Velásquez 0-0: Swinging Strike
0-1: Ball
1-1: Called Strike
1-2: Strikes out looking
Batting: SHB Roberto Rivera 0-0: Called Strike
0-1: Ball
Wild Pitch!
Ricardo Salazar to third
Ichizo Akiyama to second
1-1: Called Strike
1-2: Ball
2-2: Strikes out swinging
Bottom of the 6th over - 0 runs, 2 hits, 0 errors, 2 left on base; Trenton 3 - Chattanooga 4
TOP OF THE 7TH
Trenton Stars batting - Pitching for Chattanooga Chinpokomon : RHP Alejandro Hernández
Pitching: RHP Renaldo Quilh
Batting: LHB Frank Jackson 0-0: Ball
1-0: Ball
2-0: Called Strike
2-1: Foul Ball, location: 2F
2-2: Strikes out swinging
Batting: RHB Ken McDonald 0-0: Called Strike
0-1: Ball
1-1: Ball
2-1: Ball
3-1: Called Strike
3-2: Foul Ball, location: 2F
3-2: Foul Ball, location: 2F
3-2: Foul Ball, location: 2F
3-2: SINGLE (Groundball, 6MD)
Batting: RHB Tony Long 0-0: Foul Ball, location: 2F
0-1: Ball
1-1: Ball
2-1: Ball
3-1: Foul Ball, location: 2F
3-2: Foul Ball, location: 2F
3-2: Foul Ball, location: 2F
3-2: Grounds into double play, 6-4-3 (Groundball, 6)
Top of the 7th over - 0 runs, 1 hit, 0 errors, 0 left on base; Trenton 3 - Chattanooga 4
BOTTOM OF THE 7TH
Chattanooga Chinpokomon batting - Pitching for Trenton Stars : RHP Russ Brown
Pitching: LHP Artie Nelson
Batting: LHB Elvin Summers 0-0: Ball
1-0: Called Strike
1-1: Foul Ball, location: 2F
1-2: Ball
2-2: SINGLE (Line Drive, 8RS)
Batting: RHB Ben Barker 0-0: Ball
1-0: Foul Ball, location: 2F
1-1: Ball
2-1: Ball
3-1: Base on Balls
Elvin Summers to second
Batting: RHB Cristo García 0-0: Foul Ball, location: 2F
0-1: 3-RUN HOME RUN (Flyball, 78XD), Distance : 396 ft
Pitching: RHP Tomás Pagán
Batting: LHB José Costa 0-0: Fly out, F9 (Flyball, 89S)
Batting: RHB Ricardo Salazar 0-0: SINGLE (Groundball, 6) (infield hit)
Batting: RHB Ichizo Akiyama 0-0: Ball
1-0: Fly out, F7 (Flyball, 7)
Batting: SHB Darrel Lang 0-0: Called Strike
0-1: Ball
1-1: Reached on error, E4 (Groundball, 4)
Ricardo Salazar to second
Batting: RHB Luis Antonio Velásquez 0-0: Ball
1-0: Ball
2-0: Called Strike
2-1: Called Strike
2-2: Foul Ball, location: 2F
2-2: Fly out, F1 (Line Drive, 13)
Bottom of the 7th over - 3 runs, 3 hits, 1 error, 2 left on base; Trenton 3 - Chattanooga 7
TOP OF THE 8TH
Trenton Stars batting - Pitching for Chattanooga Chinpokomon : RHP Renaldo Quilh
Batting: RHB Jorge Cisneros 0-0: Foul Ball, location: 2F
0-1: Ball
1-1: Ball
2-1: Foul Ball, location: 2F
2-2: Strikes out looking
Batting: LHB Paco Córdova 0-0: Called Strike
0-1: Ball
1-1: SINGLE (Line Drive, 6D)
Batting: LHB Sixto Cortés 0-0: Ball
1-0: Foul Ball, location: 2F
1-1: Called Strike
1-2: Foul Ball, location: 2F
1-2: Strikes out looking
Batting: RHB Emílio Bruno 0-0: Called Strike
0-1: Swinging Strike
0-2: Ball
1-2: Foul Ball, location: 2F
1-2: Ball
2-2: Foul Ball, location: 2F
2-2: Foul Ball, location: 2F
2-2: Strikes out swinging
Top of the 8th over - 0 runs, 1 hit, 0 errors, 1 left on base; Trenton 3 - Chattanooga 7
BOTTOM OF THE 8TH
Chattanooga Chinpokomon batting - Pitching for Trenton Stars : RHP Tomás Pagán
Batting: SHB Roberto Rivera 0-0: Ball
1-0: Called Strike
1-1: Ball
2-1: Ball
3-1: Foul Ball, location: 2F
3-2: Foul Ball, location: 2F
3-2: Strikes out looking
Batting: LHB Elvin Summers 0-0: Foul Ball, location: 2F
0-1: Ball
1-1: Ball
2-1: Swinging Strike
2-2: Ball
3-2: Ground out 6-3 (Groundball, 6)
Batting: RHB Ben Barker 0-0: Ball
1-0: Ball
2-0: Called Strike
2-1: Swinging Strike
2-2: Ball
3-2: Strikes out swinging
Bottom of the 8th over - 0 runs, 0 hits, 0 errors, 0 left on base; Trenton 3 - Chattanooga 7
TOP OF THE 9TH
Trenton Stars batting - Pitching for Chattanooga Chinpokomon : RHP Renaldo Quilh
Pitching: LHP Francisco Ríos
Batting: RHB George Reeves 0-0: Ball
1-0: Foul Ball, location: 2F
1-1: Swinging Strike
1-2: Foul Ball, location: 2F
1-2: Strikes out swinging
Batting: LHB Gabriel Aragón 0-0: Foul Ball, location: 2F
0-1: Swinging Strike
0-2: Ball
1-2: Ball
2-2: Fly out, F9 (Line Drive, 9D)
Batting: LHB Frank Jackson 0-0: Ball
1-0: Swinging Strike
1-1: Swinging Strike
1-2: Ball
2-2: Foul Ball, location: 2F
2-2: Strikes out looking
Top of the 9th over - 0 runs, 0 hits, 0 errors, 0 left on base; Trenton 3 - Chattanooga 7
Saturday, December 16th, 2017 - OOTP Baseball 18.8 Build 76